[Event "EIRCC 2019"]
[Site "Tallinn"]
[Date "2019.12.05"]
[Round "4.18"]
[White "Schnabel, Ralf"]
[Black "Kanep, Meelis"]
[Result "0-1"]
[ECO "B90"]
[WhiteElo "2220"]
[BlackElo "2466"]
[Annotator "ChessBase"]
[PlyCount "86"]
[EventDate "2019.12.05"]
[EventType "swiss"]
[EventCountry "EST"]
[SourceTitle "playchess.com"]
[Source "ChessBase"]
[SourceQuality "1"]
[TimeControl "900+10"]

1. e4 c5 2. Nf3 d6 3. d4 cxd4 4. Nxd4 Nf6 5. Nc3 a6 6. a4 e5 7. Nf3 h6 8. Bc4 Be7 9. O-O O-O 10. Qe2 Qc7 11. Nd5 Nxd5 12. Bxd5 Bg4 13. h3 Bh5 14. Rd1 Nd7 15. c3 Kh8 16. g4 Bg6 17. a5 Nf6 18. Ne1 Nxd5 19. Rxd5 f6 20. Ng2 Qc6 21. f3 Bf7 22. Ne3 Bxd5 23. Nxd5 Bd8 24. Be3 Rc8 25. b4 f5 26. gxf5 Rxf5 27. exf5 Qxd5 28. Bd2 Qf7 29. Qd3 d5 30. Rd1 Bf6 31. Be1 d4 32. cxd4 exd4 33. Bf2 Re8 34. b5 axb5 35. Qxb5 Re5 36. Qb1 Rxa5 37. Kg2 Ra2 38. Kf1 Qc4+ 39. Kg1 Qe2 40. Rf1 Bh4 41. Qxa2 Qxa2 42. Bxh4 d3 43. Bf2 Qc2 0-1

[Event "EIRCC 2019"]
[Site "Tallinn"]
[Date "2019.12.05"]
[Round "4.19"]
[White "Babula, Vlastimil"]
[Black "Aizenberg, Benny"]
[Result "1-0"]
[ECO "A58"]
[WhiteElo "2559"]
[BlackElo "1995"]
[Annotator "ChessBase"]
[PlyCount "59"]
[EventDate "2019.12.05"]
[EventType "swiss"]
[EventCountry "EST"]
[SourceTitle "playchess.com"]
[Source "ChessBase"]
[SourceQuality "1"]
[TimeControl "900+10"]

1. d4 Nf6 2. c4 c5 3. d5 b5 4. cxb5 a6 5. bxa6 g6 6. Nc3 Bg7 7. e4 O-O 8. e5 Ne8 9. h4 Bxe5 10. h5 Bxa6 11. Bh6 Bg7 12. Qd2 Bxf1 13. Kxf1 Qb6 14. Nf3 Na6 15. Re1 Rb8 16. Bxg7 Nxg7 17. hxg6 Qxg6 18. Rh6 Qg4 19. Rxa6 e6 20. Ra4 Rb4 21. Rxb4 cxb4 22. Ne4 f5 23. Ne5 Qh4 24. Qg5 Qh1+ 25. Ke2 Qh2 26. Nf6+ Kh8 27. Nfxd7 Re8 28. d6 Rc8 29. Rc1 Rxc1 30. Qd8+ 1-0

[Event "EIRCC 2019"]
[Site "Tallinn"]
[Date "2019.12.05"]
[Round "4.20"]
[White "Chukavin, Kirill"]
[Black "Postny, Evgeny"]
[Result "1/2-1/2"]
[ECO "C47"]
[WhiteElo "2290"]
[BlackElo "2598"]
[Annotator "ChessBase"]
[PlyCount "106"]
[EventDate "2019.12.05"]
[EventType "swiss"]
[EventCountry "EST"]
[SourceTitle "playchess.com"]
[Source "ChessBase"]
[SourceQuality "1"]
[TimeControl "900+10"]

1. e4 e5 2. Nf3 Nc6 3. Nc3 Nf6 4. Be2 Bd6 5. d4 exd4 6. Nxd4 Nxd4 7. Qxd4 Qe7 8. Bg5 Be5 9. Qc4 Qe6 10. O-O-O Qxc4 11. Bxc4 h6 12. Bxf6 Bxf6 13. e5 Bg5+ 14. Kb1 a6 15. f4 Bd8 16. Rhe1 b5 17. Bd5 Rb8 18. Ne4 Rb6 19. Rd3 O-O 20. Bb3 Re8 21. Red1 a5 22. a4 Be7 23. axb5 Rxb5 24. Nc3 Rc5 25. Rd5 Rxd5 26. Rxd5 Bb4 27. Nb5 c6 28. Nd6 cxd5 29. Nxe8 Bb7 30. Nc7 d4 31. Bd5 Bc6 32. Bxc6 dxc6 33. Ka2 Bd2 34. g3 Be3 35. e6 Kf8 36. exf7 Kxf7 37. Kb3 Bg1 38. h3 Bh2 39. f5 Bxg3 40. Ne6 Be5 41. Kc4 Kf6 42. Nd8 Kxf5 43. Nxc6 Ke4 44. Nxa5 g5 45. Nc6 h5 46. Nxe5 Kxe5 47. Kd3 Kf4 48. b4 g4 49. hxg4 hxg4 50. b5 Ke5 51. b6 Kd6 52. Kxd4 Kc6 53. Ke4 Kxb6 1/2-1/2

[Event "EIRCC 2019"]
[Site "Tallinn"]
[Date "2019.12.05"]
[Round "4.21"]
[White "Aleksandrov, Aleksej"]
[Black "Troyke, Christian"]
[Result "1-0"]
[ECO "B06"]
[WhiteElo "2576"]
[BlackElo "2322"]
[Annotator "ChessBase"]
[PlyCount "85"]
[EventDate "2019.12.05"]
[EventType "swiss"]
[EventCountry "EST"]
[SourceTitle "playchess.com"]
[Source "ChessBase"]
[SourceQuality "1"]
[TimeControl "900+10"]

1. d4 g6 2. e4 Bg7 3. Nc3 c5 4. d5 d6 5. Nf3 Nf6 6. Be2 O-O 7. O-O Na6 8. Bf4 Nc7 9. a4 Re8 10. h3 b6 11. Re1 Bb7 12. Bc4 a6 13. Qd3 e6 14. dxe6 Nxe6 15. Bxd6 Nd4 16. Bxf7+ Kxf7 17. Qc4+ Nd5 18. Bg3 Nxf3+ 19. gxf3 Bxc3 20. bxc3 Kg7 21. Red1 Qf6 22. exd5 Qxf3 23. Qg4 Bxd5 24. Qxf3 Bxf3 25. Rd3 Be4 26. Rd7+ Kg8 27. Bh4 Re6 28. Bd8 Bxc2 29. f3 Bf5 30. Rad1 Bxh3 31. Rb7 b5 32. Kf2 bxa4 33. Rdd7 Bf5 34. Rg7+ Kf8 35. Rxh7 Kg8 36. Rhg7+ Kf8 37. Bg5 Rb6 38. Rbf7+ Ke8 39. Re7+ Kf8 40. Rh7 Kg8 41. Reg7+ Kf8 42. Be7+ Ke8 43. Bxc5 1-0

[Event "EIRCC 2019"]
[Site "Tallinn"]
[Date "2019.12.05"]
[Round "4.22"]
[White "Stupak, Kirill"]
[Black "Heinzel, Olaf"]
[Result "1-0"]
[ECO "A45"]
[WhiteElo "2552"]
[BlackElo "2269"]
[Annotator "ChessBase"]
[PlyCount "79"]
[EventDate "2019.12.05"]
[EventType "swiss"]
[EventCountry "EST"]
[SourceTitle "playchess.com"]
[Source "ChessBase"]
[SourceQuality "1"]
[TimeControl "900+10"]

1. d4 Nf6 2. g3 d5 3. Nf3 c6 4. Bg2 Bf5 5. O-O e6 6. c4 h6 7. Nc3 Nbd7 8. Qb3 Qb6 9. c5 Qc7 10. Bf4 Qc8 11. Nd2 Be7 12. e4 dxe4 13. Nc4 O-O 14. Bd6 Bxd6 15. Nxd6 Qc7 16. Qxb7 Qxb7 17. Nxb7 Rab8 18. Na5 Rfc8 19. Nc4 Bg6 20. Rfe1 e5 21. dxe5 Nd5 22. Nxe4 Bxe4 23. Bxe4 Nxc5 24. Rac1 Rd8 25. Bb1 Ne6 26. b3 Nd4 27. Kg2 g6 28. Nd6 Rb6 29. Re4 Ne6 30. Ra4 Ra8 31. Be4 Ne7 32. Ra5 Kg7 33. Rd1 Kf8 34. h4 Kg7 35. Rc1 Kf8 36. Rc4 Nc7 37. b4 a6 38. a3 Rd8 39. Rc1 Nb5 40. Nc4 1-0

[Event "EIRCC 2019"]
[Site "Tallinn"]
[Date "2019.12.05"]
[Round "4.23"]
[White "Kukk, Sander"]
[Black "Ruck, Robert"]
[Result "0-1"]
[ECO "A01"]
[WhiteElo "2313"]
[BlackElo "2551"]
[Annotator "ChessBase"]
[PlyCount "102"]
[EventDate "2019.12.05"]
[EventType "swiss"]
[EventCountry "EST"]
[SourceTitle "playchess.com"]
[Source "ChessBase"]
[SourceQuality "1"]
[TimeControl "900+10"]

1. b3 Nf6 2. Bb2 g6 3. e3 Bg7 4. Nf3 O-O 5. d4 c5 6. Nbd2 cxd4 7. Nxd4 d5 8. Be2 Re8 9. O-O e5 10. N4f3 Nc6 11. Re1 Bf5 12. Bb5 Qc7 13. c4 Rad8 14. Rc1 d4 15. exd4 exd4 16. Bxc6 bxc6 17. Nxd4 Rxe1+ 18. Qxe1 Ng4 19. N2f3 Bxd4 20. Bxd4 Rxd4 21. h3 Re4 22. Qd2 Nf6 23. Ng5 Re8 24. Qd4 Ne4 25. Nf3 c5 26. Qe3 Nf6 27. Qg5 Qd6 28. a3 Be4 29. Nh2 Bc6 30. b4 Ne4 31. Qe3 Qd2 32. Ng4 Qxe3 33. Nxe3 a6 34. f3 Nf6 35. Kf2 Rb8 36. Rb1 Kf8 37. Nd1 Nd7 38. Nc3 Rc8 39. b5 Bb7 40. f4 a5 41. Rd1 Nb6 42. Rd6 Nxc4 43. Rd7 Ba8 44. Ra7 Nxa3 45. Rxa5 Nc4 46. Ra4 Nd6 47. g4 Bb7 48. Ra7 Rb8 49. Ke3 Bg2 50. Ra2 Bxh3 51. Rd2 Nc4+ {[%emt 0:00:02] Kd4} 0-1

[Event "EIRCC 2019"]
[Site "Tallinn"]
[Date "2019.12.05"]
[Round "4.24"]
[White "Hjartarson, Johann"]
[Black "Khakimov, Timur"]
[Result "1-0"]
[ECO "A50"]
[WhiteElo "2534"]
[BlackElo "2253"]
[Annotator "ChessBase"]
[PlyCount "119"]
[EventDate "2019.12.05"]
[EventType "swiss"]
[EventCountry "EST"]
[SourceTitle "playchess.com"]
[Source "ChessBase"]
[SourceQuality "1"]
[TimeControl "900+10"]

1. d4 Nf6 2. c4 Nc6 3. Nf3 e6 4. Nc3 Bb4 5. e3 d5 6. Bd2 O-O 7. Qc2 dxc4 8. Bxc4 Qe7 9. O-O e5 10. d5 e4 11. Ng5 Bxc3 12. Bxc3 Nxd5 13. Bxd5 Qxg5 14. Bxe4 Qh6 15. b4 Bg4 16. b5 Nd8 17. h3 Bh5 18. Be5 c6 19. bxc6 Nxc6 20. Bf4 g5 21. Bg3 Bg6 22. Rab1 Bxe4 23. Qxe4 Rae8 24. Qg4 Re7 25. h4 Rd8 26. hxg5 Qe6 27. Qxe6 fxe6 28. Rb2 Rd3 29. Rfb1 b6 30. Rc1 Na5 31. Be5 Red7 32. Bd4 e5 33. Rc8+ Kf7 34. Bxe5 Kg6 35. Bd4 Kxg5 36. Rb5+ Kg6 37. g4 R3xd4 38. exd4 Rxd4 39. Rg8+ Kf7 40. Rgg5 Nc6 41. Rbf5+ Ke6 42. Rg7 Rxg4+ 43. Rxg4 Kxf5 44. Rg7 Ke6 45. Rxh7 b5 46. Rb7 b4 47. Kf1 a5 48. Ke2 Kd5 49. Kd3 Ne5+ 50. Kc2 Kc4 51. f4 Nf3 52. Rc7+ Kd5 53. Kb3 Ke4 54. Rf7 Nd2+ 55. Ka4 Nb1 56. Kxa5 Nc3 57. Kxb4 Nxa2+ 58. Kc4 Nc1 59. Re7+ Kxf4 60. Re1 {[%emt 0:00:02] Ke5 Kd5+ Kxd5} 1-0

[Event "EIRCC 2019"]
[Site "Tallinn"]
[Date "2019.12.05"]
[Round "4.25"]
[White "Cherepov, Alexej"]
[Black "Stocek, Jiri"]
[Result "1/2-1/2"]
[ECO "A40"]
[WhiteElo "2165"]
[BlackElo "2532"]
[Annotator "ChessBase"]
[PlyCount "98"]
[EventDate "2019.12.05"]
[EventType "swiss"]
[EventCountry "EST"]
[SourceTitle "playchess.com"]
[Source "ChessBase"]
[SourceQuality "1"]
[TimeControl "900+10"]

1. d4 Nf6 2. c4 e6 3. g3 c5 4. Nf3 cxd4 5. Nxd4 Qa5+ 6. Nc3 Ne4 7. Qd3 Nxc3 8. Bd2 Nc6 9. Bxc3 Bb4 10. Nb5 Bxc3+ 11. Qxc3 Qxc3+ 12. Nxc3 Ke7 13. Bg2 Rd8 14. O-O-O Rb8 15. Rd2 Na5 16. b3 a6 17. c5 b6 18. cxb6 Rxb6 19. Na4 Rb4 20. Rhd1 d5 21. Rc2 f5 22. Rc7+ Bd7 23. Nc5 Kd6 24. Rxd7+ Rxd7 25. Nxd7 Kxd7 26. Bxd5 Ke7 27. Bg2 Nb7 28. Bxb7 Rxb7 29. Kb2 g5 30. Rd4 h5 31. h4 g4 32. e4 e5 33. Ra4 Rb6 34. exf5 Kf6 35. Rc4 Kxf5 36. Kc3 Rd6 37. Kc2 Kg6 38. Kb2 Kf5 39. Kc2 Kg6 40. Kb2 Kf5 41. b4 Rd2+ 42. Rc2 Rd3 43. Rc3 Rd2+ 44. Rc2 Rd3 45. a4 Ke4 46. Rc3 Rd2+ 47. Rc2 Rd3 48. Rc3 Rd2+ 49. Rc2 Rd3 1/2-1/2

[Event "EIRCC 2019"]
[Site "Tallinn"]
[Date "2019.12.05"]
[Round "4.26"]
[White "Lobanov, Sergei"]
[Black "Shapiro, Viktor"]
[Result "1-0"]
[ECO "B05"]
[WhiteElo "2483"]
[BlackElo "2231"]
[Annotator "ChessBase"]
[PlyCount "125"]
[EventDate "2019.12.05"]
[EventType "swiss"]
[EventCountry "EST"]
[SourceTitle "playchess.com"]
[Source "ChessBase"]
[SourceQuality "1"]
[TimeControl "900+10"]

1. e4 Nf6 2. e5 Nd5 3. d4 d6 4. Nf3 Bg4 5. Be2 e6 6. O-O Be7 7. c4 Nb6 8. Nc3 O-O 9. Be3 Nc6 10. exd6 cxd6 11. d5 exd5 12. Nxd5 Nxd5 13. Qxd5 Be6 14. Qb5 a6 15. Qxb7 Na5 16. Qb4 Nxc4 17. Bd4 Ne5 18. Bc3 a5 19. Qe4 Nxf3+ 20. Bxf3 d5 21. Qd3 Qb6 22. Rfd1 Rfd8 23. Rac1 Bc5 24. Bd4 Bxd4 25. Qxd4 Qxd4 26. Rxd4 Rac8 27. Rxc8 Rxc8 28. Kf1 Kf8 29. Ke2 Ke7 30. Kd2 Kd6 31. Be2 g5 32. Ra4 Rc5 33. Bd3 h6 34. g3 g4 35. b4 axb4 36. Rxb4 Ke5 37. a4 d4 38. Rb5 Kd6 39. Rxc5 Kxc5 40. a5 Bd5 41. Bf5 Be6 42. Bd3 Bd5 43. Kc2 Kb4 44. a6 Ka5 45. Kd2 Kb6 46. Be2 Be4 47. Bd3 f5 48. Bc4 Ka7 49. Kc1 Kb6 50. Kd2 Ka7 51. Bf1 Kb6 52. Kc1 Ka7 53. Kb2 Kb6 54. Kb3 Kc5 55. Bc4 Bc6 56. Bd3 Bd5+ 57. Ka4 Kb6 58. Kb4 Be4 59. Kc4 Bxd3+ 60. Kxd3 Kxa6 61. Kxd4 f4 62. gxf4 Kb5 63. Ke4 1-0

[Event "EIRCC 2019"]
[Site "Tallinn"]
[Date "2019.12.05"]
[Round "4.27"]
[White "Pohjala, Henri"]
[Black "Szadkowski, Kamil"]
[Result "1-0"]
[ECO "A45"]
[WhiteElo "2418"]
[BlackElo "2222"]
[Annotator "NA"]
[PlyCount "83"]
[EventDate "2019.12.05"]
[EventType "swiss"]
[EventCountry "EST"]
[SourceTitle "playchess.com"]
[Source "ChessBase"]
[SourceQuality "1"]
[TimeControl "900+10"]

1. d4 Nf6 2. Bg5 Ne4 3. Bf4 e6 4. f3 Bb4+ 5. c3 Bd6 6. Bxd6 Nxd6 7. e4 f5 8. e5 Nf7 9. f4 b6 10. Be2 Bb7 11. Bf3 Bxf3 12. Nxf3 g5 13. fxg5 Nxg5 14. Nbd2 Nc6 15. Qe2 Qe7 16. a4 O-O 17. O-O Kh8 18. Nxg5 Qxg5 19. Rf3 Rg8 20. Raf1 Ne7 21. Kh1 Qh5 22. Qf2 Rg4 23. Rh3 Qg6 24. Rh4 Rg8 25. Rxg4 Qxg4 26. h3 Qh5 27. Nf3 Ng6 28. Qe3 Ne7 29. c4 Rg4 30. d5 f4 31. Qd3 Nf5 32. dxe6 Qg6 33. Qd2 Ng3+ 34. Kg1 Nxf1 35. Kxf1 Qb1+ 36. Ne1 Rg8 37. exd7 Rd8 38. Qd4 f3 39. e6+ Kg8 40. e7 fxg2+ 41. Kxg2 Qg6+ 42. Kh2 1-0

[Event "EIRCC 2019"]
[Site "Tallinn"]
[Date "2019.12.05"]
[Round "4.28"]
[White "Martynov, Roman"]
[Black "Vlassow, Valentin"]
[Result "1-0"]
[ECO "D06"]
[WhiteElo "2269"]
[BlackElo "2394"]
[Annotator "NA"]
[PlyCount "73"]
[EventDate "2019.12.05"]
[EventType "swiss"]
[EventCountry "EST"]
[SourceTitle "playchess.com"]
[Source "ChessBase"]
[SourceQuality "1"]
[TimeControl "900+10"]

1. d4 d5 2. c4 Bf5 3. cxd5 Bxb1 4. Qa4+ c6 5. dxc6 Nxc6 6. Rxb1 e5 7. Bd2 exd4 8. g3 Bc5 9. Bg2 Nge7 10. Nh3 O-O 11. Nf4 Re8 12. O-O Bb6 13. Rfe1 Rc8 14. Rbc1 Ng6 15. Nd3 Qf6 16. Qb5 h6 17. a4 Re7 18. Bb4 Rec7 19. a5 Nxb4 20. Rxc7 Rxc7 21. Qxb4 Bxa5 22. Qxa5 b6 23. Qa4 Re7 24. Qc6 Qf5 25. Qd5 Qf6 26. Bf3 Rc7 27. Rc1 Rxc1+ 28. Nxc1 a5 29. Nd3 Nf8 30. Qe5 Qd8 31. Bd5 Nd7 32. Qxd4 Qe7 33. Qe4 Qd8 34. Ne5 Nf6 35. Bxf7+ Kf8 36. Qc4 g5 37. Bh5 1-0

[Event "EIRCC 2019"]
[Site "Tallinn"]
[Date "2019.12.05"]
[Round "4.29"]
[White "Dragnev, Valentin"]
[Black "Azimov, Ilyas"]
[Result "0-1"]
[ECO "E16"]
[WhiteElo "2380"]
[BlackElo "2203"]
[Annotator "NA"]
[PlyCount "154"]
[EventDate "2019.12.05"]
[EventType "swiss"]
[EventCountry "EST"]
[SourceTitle "playchess.com"]
[Source "ChessBase"]
[SourceQuality "1"]
[TimeControl "900+10"]

1. d4 Nf6 2. c4 e6 3. Nf3 Bb4+ 4. Bd2 Qe7 5. a3 Bxd2+ 6. Qxd2 b6 7. g3 Bb7 8. Bg2 O-O 9. O-O d6 10. Nc3 Nbd7 11. Qc2 e5 12. d5 a5 13. Nh4 g6 14. e4 Nh5 15. Nf3 Nc5 16. b4 Nd7 17. Rfe1 Ng7 18. Nb5 Rfc8 19. Qd3 Ba6 20. Rac1 Bxb5 21. cxb5 axb4 22. axb4 Ra7 23. Rc3 Rca8 24. Bh3 Nf6 25. Rec1 Nge8 26. Kg2 Kg7 27. Nd2 Ra2 28. Nc4 Nh5 29. Qe3 h6 30. Bg4 Nhf6 31. Be2 R2a4 32. Rb1 R4a7 33. h3 Ra4 34. Bd1 R4a7 35. Be2 Ra4 36. Bd3 Nh5 37. Kh2 Qg5 38. Qe2 Ra2 39. Rc2 Ra1 40. Qd1 Rxb1 41. Qxb1 Ra7 42. Be2 Kh8 43. h4 Qf6 44. Bxh5 gxh5 45. Qd1 Qg6 46. Qf3 Nf6 47. Re2 Ra1 48. Nd2 Ra2 49. Qb3 Ra1 50. Qc3 Ra2 51. f3 Ra7 52. Nf1 Ne8 53. Ne3 Ng7 54. Qd3 Ra4 55. Rb2 Ra1 56. Kg2 Qf6 57. Rc2 Ra7 58. Qd2 Kh7 59. Qc1 Qe7 60. Qd2 Qd7 61. Qd3 Qe7 62. Kh2 Qf6 63. Rf2 Ra4 64. Qb3 Ra7 65. Qc2 Kg8 66. Qc6 Ra3 67. Qc1 Ra7 68. Kg2 Qg6 69. Rc2 f5 70. Rxc7 Rxc7 71. Qxc7 fxe4 72. Qxb6 exf3+ 73. Kxf3 Qf6+ 74. Kg2 e4 75. Kh3 Qf3 76. Qd8+ Kh7 77. Qb6 Qh1# 0-1

[Event "EIRCC 2019"]
[Site "Tallinn"]
[Date "2019.12.05"]
[Round "4.30"]
[White "Nazaretyan, Tigran"]
[Black "Saveljev, Ivan"]
[Result "1-0"]
[ECO "D91"]
[WhiteElo "2377"]
[BlackElo "2047"]
[Annotator "NA"]
[PlyCount "123"]
[EventDate "2019.12.05"]
[EventType "swiss"]
[EventCountry "EST"]
[SourceTitle "playchess.com"]
[Source "ChessBase"]
[SourceQuality "1"]
[TimeControl "900+10"]

1. d4 Nf6 2. c4 g6 3. Nc3 d5 4. Nf3 Bg7 5. Bg5 Ne4 6. Bh4 c6 7. e3 Nxc3 8. bxc3 O-O 9. Qb3 b6 10. Be2 Bb7 11. O-O Nd7 12. a4 Re8 13. a5 Ba6 14. axb6 axb6 15. Rxa6 Rxa6 16. cxd5 Ra7 17. dxc6 Nb8 18. Bc4 Rf8 19. Ng5 e6 20. Nxe6 Qxh4 21. Nxf8 Bxf8 22. Qxb6 Bd6 23. g3 Qe7 24. Rb1 Qc7 25. Bd5 Ra1 26. Kg2 Rxb1 27. Qxb1 Nxc6 28. Qb5 Nd8 29. c4 Bf8 30. c5 Ne6 31. Qe8 Qe7 32. Qc8 Nxc5 33. dxc5 Qxc5 34. Qb7 Qe7 35. Qb3 Kg7 36. e4 Qc7 37. Qb2+ Kg8 38. Qb5 Kg7 39. h4 Bc5 40. Qb2+ Kg8 41. h5 Qb6 42. Qa2 Qa7 43. Qe2 Kg7 44. Qf3 Bd4 45. Qf4 gxh5 46. Qg5+ Kf8 47. Qh6+ Ke8 48. Qxh7 Bc5 49. Qh8+ Ke7 50. Qxh5 Kf8 51. Qh8+ Ke7 52. Qe5+ Kf8 53. Qf5 Bd4 54. g4 Qc7 55. g5 Kg7 56. Qh3 Qf4 57. Qg3 Be5 58. Kh3 Kg6 59. Qxf4 Bxf4 60. Kg4 Bxg5 61. Bxf7+ Kf6 62. e5+ 1-0

[Event "EIRCC 2019"]
[Site "Tallinn"]
[Date "2019.12.05"]
[Round "4.31"]
[White "Krupenski, Juri"]
[Black "Stepanyan, Eva"]
[Result "1-0"]
[ECO "E04"]
[WhiteElo "2373"]
[BlackElo "1886"]
[Annotator "NA"]
[PlyCount "119"]
[EventDate "2019.12.05"]
[EventType "swiss"]
[EventCountry "EST"]
[SourceTitle "playchess.com"]
[Source "ChessBase"]
[SourceQuality "1"]
[TimeControl "900+10"]

1. d4 Nf6 2. c4 e6 3. g3 d5 4. Nf3 dxc4 5. Bg2 a6 6. a4 c5 7. O-O cxd4 8. Nxd4 e5 9. Nf3 Qxd1 10. Rxd1 Nc6 11. Nbd2 Be6 12. Ng5 O-O-O 13. Nxe6 fxe6 14. Bxc6 bxc6 15. Rf1 c3 16. bxc3 Nd5 17. Ne4 Be7 18. Rb1 Kc7 19. a5 h6 20. c4 Nf6 21. Nxf6 gxf6 22. Be3 Rb8 23. Rb6 Rxb6 24. Bxb6+ Kc8 25. Rd1 h5 26. e4 Re8 27. Kg2 Rg8 28. Kf3 Rh8 29. h3 Rg8 30. Rd3 Rh8 31. Kg2 Rg8 32. h4 f5 33. Kf3 Rg4 34. Re3 Bd6 35. c5 Bb8 36. Re1 Rg7 37. Rd1 Rd7 38. Rxd7 Kxd7 39. Ke3 Ke7 40. f3 Ke8 41. Kf2 Kf7 42. Kg2 Kg6 43. Kh3 Kh6 44. g4 Kg6 45. Kg3 fxg4 46. fxg4 Kh6 47. Kf3 Kg6 48. Bd8 Ba7 49. Be7 Bb8 50. Bd6 Ba7 51. g5 Kf7 52. Ke3 Kg6 53. Kd3 Kf7 54. Kc4 Kg6 55. Bxe5 Kf7 56. Kd4 Kg6 57. Bd6 Kg7 58. Ke5 Kf7 59. g6+ Kxg6 60. Kxe6 1-0

[Event "EIRCC 2019"]
[Site "Tallinn"]
[Date "2019.12.05"]
[Round "4.32"]
[White "Marinskii, Yurii"]
[Black "Timerkhanov, Alexander"]
[Result "0-1"]
[ECO "B25"]
[WhiteElo "2059"]
[BlackElo "2363"]
[Annotator "NA"]
[PlyCount "82"]
[EventDate "2019.12.05"]
[EventType "swiss"]
[EventCountry "EST"]
[SourceTitle "playchess.com"]
[Source "ChessBase"]
[SourceQuality "1"]
[TimeControl "900+10"]

1. e4 c5 2. Nc3 d6 3. g3 g6 4. Bg2 Bg7 5. d3 Nc6 6. f4 e6 7. Nf3 Nge7 8. O-O O-O 9. Be3 Nd4 10. e5 Nef5 11. Bf2 Nxf3+ 12. Qxf3 Nd4 13. Qd1 dxe5 14. fxe5 Bxe5 15. Ne4 f5 16. Nxc5 Qc7 17. b4 Bg7 18. c3 Nb5 19. Rc1 Nxc3 20. Qd2 Qe5 21. Rfe1 Qf6 22. Nxb7 Bxb7 23. Bxb7 Rad8 24. Bg2 a6 25. Bc5 Rf7 26. d4 Nd5 27. Qe2 f4 28. Bxd5 Rxd5 29. Rf1 f3 30. Qf2 h5 31. Rc3 Rf5 32. h4 g5 33. hxg5 Qxg5 34. Kh2 Qg4 35. Rd3 Bh6 36. Bd6 Kh7 37. Re1 h4 38. gxh4 Rh5 39. Bg3 Bf4 40. Bxf4 Rxh4+ 41. Qxh4+ Qxh4+ 0-1

[Event "EIRCC 2019"]
[Site "Tallinn"]
[Date "2019.12.05"]
[Round "4.33"]
[White "Gudovskis, Konstantins"]
[Black "Putka, Verners"]
[Result "0-1"]
[ECO "E20"]
[WhiteElo "2008"]
[BlackElo "2358"]
[Annotator "NA"]
[PlyCount "84"]
[EventDate "2019.12.05"]
[EventType "swiss"]
[EventCountry "EST"]
[SourceTitle "playchess.com"]
[Source "ChessBase"]
[SourceQuality "1"]
[TimeControl "900+10"]

1. d4 Nf6 2. c4 e6 3. Nc3 Bb4 4. f3 c5 5. d5 b5 6. e4 bxc4 7. Bxc4 O-O 8. Nge2 d6 9. O-O e5 10. f4 Nbd7 11. Ng3 Qa5 12. Bd2 exf4 13. Bxf4 Ba6 14. Qd3 Bxc4 15. Qxc4 Nb6 16. Qd3 c4 17. Qc2 Rfe8 18. Rae1 Nbd7 19. Kh1 Ng4 20. Nf5 Nge5 21. Re3 Nf8 22. a3 Bc5 23. Rg3 Nfg6 24. Bxe5 Rxe5 25. Na4 Rae8 26. Nxc5 Qxc5 27. Rg4 h5 28. Rg5 Rxe4 29. Rxh5 R8e5 30. Ng3 Qxd5 31. Nxe4 Rxh5 32. Ng3 Re5 33. Qf2 a5 34. h3 Qe6 35. Nf5 d5 36. Nd4 Qe8 37. Qd2 Re4 38. Nf5 Qd8 39. Nd4 Ne5 40. Qf2 Qg5 41. Nf5 Nd3 42. Qf3 Rf4 0-1

[Event "EIRCC 2019"]
[Site "Tallinn"]
[Date "2019.12.05"]
[Round "4.34"]
[White "Seeman, Tarvo"]
[Black "Wartiovaara, Oliver"]
[Result "1-0"]
[ECO "A37"]
[WhiteElo "2325"]
[BlackElo "1396"]
[Annotator "NA"]
[PlyCount "93"]
[EventDate "2019.12.05"]
[EventType "swiss"]
[EventCountry "EST"]
[SourceTitle "playchess.com"]
[Source "ChessBase"]
[SourceQuality "1"]
[TimeControl "900+10"]

1. c4 c5 2. Nc3 Nc6 3. g3 g6 4. Bg2 Bg7 5. Nf3 d6 6. O-O Nh6 7. d3 Nf5 8. Bd2 O-O 9. Rb1 Qd7 10. a3 b6 11. b4 Bb7 12. e3 e6 13. Qe2 Rad8 14. Rfd1 h5 15. Be1 Ne5 16. Nxe5 Bxe5 17. bxc5 dxc5 18. Ne4 Bc6 19. Bc3 Bxc3 20. Nxc3 Bxg2 21. Kxg2 Kg7 22. h3 Qc6+ 23. Qf3 Qxf3+ 24. Kxf3 Rd7 25. a4 Rfd8 26. Ke2 Ne7 27. a5 bxa5 28. Rb5 Rc8 29. Rxa5 Rb7 30. Rd2 Rc6 31. Rda2 Nc8 32. g4 hxg4 33. hxg4 f5 34. g5 Rcc7 35. Nb5 Rd7 36. Ra6 Kf7 37. Rc6 Ne7 38. Rxc5 e5 39. Ra6 Rb6 40. Rxb6 axb6 41. Rxe5 Nc6 42. Rd5 Rxd5 43. cxd5 Ne5 44. f4 Nd7 45. e4 fxe4 46. dxe4 Nc5 47. Ke3 1-0

[Event "EIRCC 2019"]
[Site "Tallinn"]
[Date "2019.12.05"]
[Round "5.3"]
[White "Lintchevski, Daniil"]
[Black "Lysyj, Igor"]
[Result "1/2-1/2"]
[ECO "C47"]
[WhiteElo "2515"]
[BlackElo "2599"]
[Annotator "ChessBase"]
[PlyCount "36"]
[EventDate "2019.12.05"]
[EventType "swiss"]
[EventCountry "EST"]
[SourceTitle "playchess.com"]
[Source "ChessBase"]
[SourceQuality "1"]
[TimeControl "900+10"]

1. e4 e5 2. Nf3 Nc6 3. Nc3 Nf6 4. d4 exd4 5. Nxd4 Bb4 6. Nxc6 bxc6 7. Bd3 O-O 8. O-O d5 9. exd5 cxd5 10. Bg5 c6 11. Qf3 Bd6 12. Rae1 Rb8 13. Nd1 h6 14. Bxf6 Qxf6 15. Qxf6 gxf6 16. b3 f5 17. Ne3 f4 18. Nf5 Bxf5 1/2-1/2

[Event "EIRCC 2019"]
[Site "Tallinn"]
[Date "2019.12.05"]
[Round "5.4"]
[White "Sebenik, Matej"]
[Black "Sanal, Vahap"]
[Result "1/2-1/2"]
[ECO "B08"]
[WhiteElo "2504"]
[BlackElo "2597"]
[Annotator "ChessBase"]
[PlyCount "111"]
[EventDate "2019.12.05"]
[EventType "swiss"]
[EventCountry "EST"]
[SourceTitle "playchess.com"]
[Source "ChessBase"]
[SourceQuality "1"]
[TimeControl "900+10"]

1. Nf3 g6 2. e4 d6 3. d4 Bg7 4. Nc3 Nf6 5. Be3 Nc6 6. Qd2 O-O 7. d5 Nb8 8. Bh6 c6 9. h4 Bxh6 10. Qxh6 Qb6 11. Qd2 Bg4 12. O-O-O Nbd7 13. Be2 Bxf3 14. Bxf3 Ne5 15. Be2 Qxf2 16. Rdf1 Qc5 17. h5 a5 18. Kb1 Rac8 19. Qh6 Nfg4 20. Bxg4 Nxg4 21. Qg5 Ne5 22. Qxe7 Qb6 23. hxg6 Qd8 24. gxf7+ Rxf7 25. Qe6 Rcc7 26. Rf5 Rce7 27. Qh6 Ng6 28. Rhf1 Qe8 29. a3 Rg7 30. dxc6 bxc6 31. Qd2 Re6 32. Rxa5 Rb7 33. Qd4 Qb8 34. b3 Ne5 35. Ka2 Kg7 36. Ne2 Kh8 37. Nf4 Rf6 38. g3 Rbf7 39. Qa4 Rf8 40. Ra7 Qb6 41. Rh1 h6 42. Ra8 Qf2 43. Kb1 Kg8 44. Qa7 Qf3 45. Rxf8+ Kxf8 46. Qb8+ Kf7 47. Qc7+ Kg8 48. Qd8+ Rf8 49. Qh4 Rb8 50. Qxh6 Rxb3+ 51. cxb3 Qxb3+ 52. Kc1 Qxa3+ 53. Kd1 Qb3+ 54. Kc1 Qc3+ 55. Kd1 Qb3+ 56. Kc1 1/2-1/2

[Event "EIRCC 2019"]
[Site "Tallinn"]
[Date "2019.12.05"]
[Round "5.5"]
[White "Riazantsev, Alexander"]
[Black "Pershin, Denis"]
[Result "1-0"]
[ECO "D30"]
[WhiteElo "2594"]
[BlackElo "2509"]
[Annotator "ChessBase"]
[PlyCount "109"]
[EventDate "2019.12.05"]
[EventType "swiss"]
[EventCountry "EST"]
[SourceTitle "playchess.com"]
[Source "ChessBase"]
[SourceQuality "1"]
[TimeControl "900+10"]

1. d4 Nf6 2. c4 e6 3. Nf3 d5 4. Bg5 c6 5. Nbd2 Nbd7 6. e3 h6 7. Bh4 Bd6 8. Bd3 O-O 9. O-O e5 10. cxd5 cxd5 11. dxe5 Nxe5 12. Be2 Ng6 13. Bg3 Bxg3 14. hxg3 Bg4 15. Nb3 Qb6 16. Qd4 Qxd4 17. Nbxd4 Rac8 18. Rfc1 Ne7 19. Bb5 Bxf3 20. gxf3 Rxc1+ 21. Rxc1 Rc8 22. Rd1 Kf8 23. Ba4 a6 24. g4 g6 25. Kg2 Nc6 26. Bxc6 bxc6 27. b4 Ke7 28. Rc1 Kd6 29. Rc5 Nd7 30. Ra5 Ra8 31. Nb3 Kc7 32. Nc5 Nxc5 33. bxc5 Kb7 34. Ra4 a5 35. Rf4 Ka6 36. a4 Ra7 37. Rf6 Rc7 38. Kf1 Kb7 39. Ke2 Re7 40. Kd3 Kc7 41. f4 Kd7 42. f3 h5 43. gxh5 gxh5 44. Rd6+ Kc8 45. Rxc6+ Rc7 46. Rf6 Rxc5 47. Rxf7 Rc4 48. Rh7 Rxa4 49. Rxh5 Ra1 50. Rxd5 a4 51. Ke4 Kc7 52. f5 a3 53. f6 Rb1 54. f7 Rb8 55. Ra5 1-0